cohdb
Replays
Latest Replays
All Replays
Popular Replays
Top Player Replays
Match Explorer
How It Works
Community
CoH3 Stats
Reddit
Sign in to upload your games and track your stats! →
Sign in with Steam
Match 45999898
Unlisted
Match 45999898
Overview
Messages
Build Orders
End
Construct Section Command Post
Infantry Section
Infantry Section
Infantry Section
Construct Platoon Command Post
Infantry Section
Infantry Section
Construct Company Command Post
Selects Heavy Armor Battlegroup
Selects Rigorous Vehicle Training
Selects Forward Repair Assembly
Selects UNKNOWN (2162094)
Selects Light Vehicle Withdraw and Refit
Selects Radio Net
Foot Guards Section
Selects Recon Artillery
Churchill IV Heavy Tank
Churchill IV Heavy Tank
Foot Guards Section
Recon Artillery
Underdawg
Rourkes
JohnGrammaticus
Pjotska
0
0
Comments
sign in to comment!
No comments posted yet!